 Dungeon Crawl Stone Soup version 0.28.0-45-g0d030f2227 (webtiles) character file.

Game seed: 3908485036154588723

1434 Peloso the Protected (level 8, -5/70 HPs)
             Began as a Minotaur Fighter on Apr 5, 2022.
             Killed from afar by a steam dragon (19 damage)
             ... with a ball of steam
             ... on level 6 of the Dungeon.
             The game lasted 00:08:02 (5734 turns).

Peloso the Protected (Minotaur Fighter)             Turns: 5734, Time: 00:08:03

Health: -5/70      AC: 13    Str: 21    XL:     8   Next: 45%
Magic:  7/7        EV:  6    Int:  5    God:
Gold:   208        SH:  5    Dex: 12    Spells: 7/7 levels left

rFire   . . .      SeeInvis .   a - +0 long sword
rCold   . . .      Faith    .   c - +0 buckler
rNeg    . . .      Spirit   .   g - +0 plate armour
rPois   .          Reflect  .   (helmet restricted)
rElec   .          Harm     .   (no cloak)
rCorr   .          Rampage  .   (no gloves)
Will    .....                   (no boots)
Stlth   ..........              (no amulet)
HPRegen 0.21/turn               (no ring)
MPRegen 0.10/turn               (no ring)

@: no status effects
A: horns 2, retaliatory headbutt
a: no special abilities


You were on level 6 of the Dungeon.
You visited 1 branch of the dungeon, and saw 6 of its levels.

You collected 208 gold pieces.

Inventory:

Hand Weapons
 a - a +0 long sword (weapon)
Armour
 b - a +0 scale mail
 c - a +0 buckler (worn)
 g - a +0 plate armour (worn)
Scrolls
 e - 5 scrolls of identify {unknown}
 f - 5 scrolls of teleportation {unknown}
 k - 2 scrolls of magic mapping {unknown}
 m - a scroll of fear {unknown}
 n - 2 scrolls of vulnerability {unknown}
 p - a scroll of fog {unknown}
 r - a scroll of brand weapon {unknown}
 s - a scroll of noise {unknown}
Potions
 d - a potion of might
 h - 4 potions of heal wounds
 i - a potion of lignification {unknown}
 j - a potion of curing {unknown}
 l - 3 potions of degeneration {unknown}
 o - 3 potions of brilliance {unknown}
 q - a potion of invisibility {unknown}
 t - a potion of attraction {unknown}


   Skills:
 + Level 6.2 Fighting
 + Level 7.9 Long Blades
 + Level 8.3 Armour
 + Level 1.1 Dodging
 + Level 0.1 Stealth
 + Level 5.4 Shields


You had 7 spell levels left.
You didn't know any spells.
Your spell library was empty.

Dungeon Overview and Level Annotations

Branches:
Dungeon (6/15)
 Temple: D:4-7

Altars:
Ashenzari
Zin

Annotations:
D:3 Sigmund


Innate Abilities, Weirdness & Mutations

You have a pair of horns on your head.
You reflexively headbutt those who attack you in melee.


Message History

You closely miss the steam dragon.
The steam dragon is moderately wounded.
The bullfrog hits you but does no damage.
The steam dragon breathes steam at you. The ball of steam hits you!
* * * LOW HITPOINT WARNING * * *
Unknown command.
You hit the steam dragon. Your headbutt misses the steam dragon.
The steam dragon is heavily wounded.
You are engulfed in a cloud of scalding steam.
The bullfrog releases a deep croak.
The bullfrog barely misses you. You block the bullfrog's attack.
The steam dragon bites you but does no damage.
The steam dragon claws you but does no damage.
It was a potion of heal wounds.
You feel much better.
You are engulfed in a cloud of scalding steam.
The bullfrog barely misses you. You block the steam dragon's attack.
The steam dragon claws you but does no damage.
You hit the steam dragon but do no damage.
You headbutt the steam dragon.
The steam dragon is severely wounded.
You are engulfed in a cloud of scalding steam.
* * * LOW HITPOINT WARNING * * *
The bullfrog hits you but does no damage.
The steam dragon breathes steam at you. The ball of steam hits you.
* * * LOW HITPOINT WARNING * * *
The bullfrog hits you but does no damage.
You hit the steam dragon.
The steam dragon is almost dead.
The bullfrog hits you but does no damage.
You block the steam dragon's attack.
The steam dragon claws you but does no damage.
Unknown command.
You barely miss the steam dragon.
The steam dragon is almost dead.
The bullfrog hits you but does no damage.
The steam dragon breathes steam at you. The ball of steam hits you!!
You die...

... ... #.# #.# #
#.# #.###.#.#
#.....#F####
#...D@.§§#
#.###.##§# # #.# #
###.###.# .#
........##.#
###........#
####...####### ##
#..........#####.##
##...#####......#.#


You could see a steam dragon (catching breath) and a bullfrog.

Vanquished Creatures
  A sky beast (D:5)
  A black bear (D:5)
  An ice beast (D:6)
  2 ogres
  2 centaurs
  A phantom (D:5)
  A kobold brigand (D:6)
  2 scorpions (D:5)
  A wyvern skeleton (D:5)
  A bullfrog zombie (D:5)
  A centaur zombie (D:6)
  4 hounds
  An iguana (D:5)
  Jessica (D:3)
  2 orc wizards
  A hound skeleton (D:5)
  8 adders
  A howler monkey zombie (D:6)
  3 gnolls (D:3)
  2 ufetubi
  A worm (D:5)
  3 dart slugs
  9 orcs
  7 ball pythons
  6 bats
  6 endoplasms
  5 giant cockroaches
  7 goblins
  8 hobgoblins
  5 jackals (D:2)
  13 kobolds
  4 quokkas
  2 frilled lizards (D:1)
  11 rats
124 creatures vanquished.

Notes
Turn   | Place    | Note
-------+----------+-------------------------------------------
     0 | D:1      | Peloso the Minotaur Fighter began the quest for the Orb.
     0 | D:1      | Reached XP level 1. HP: 19/19 MP: 0/0
   118 | D:1      | Reached XP level 2. HP: 27/27 MP: 1/1
   126 | D:1      | Reached skill level 4 in Armour
   375 | D:1      | Reached XP level 3. HP: 34/34 MP: 2/2
   741 | D:2      | Reached XP level 4. HP: 41/41 MP: 3/3
  1127 | D:2      | Found a glowing silver altar of Zin.
  1421 | D:3      | Noticed Sigmund
  1602 | D:3      | Noticed Jessica
  1604 | D:3      | Killed Jessica
  1605 | D:3      | Reached skill level 5 in Armour
  1605 | D:3      | Reached XP level 5. HP: 47/47 MP: 4/4
  2285 | D:4      | Noticed an ogre
  2308 | D:4      | Killed an ogre
  2309 | D:4      | Reached skill level 5 in Fighting
  2309 | D:4      | Reached XP level 6. HP: 10/56 MP: 5/5
  2827 | D:4      | Reached skill level 5 in Long Blades
  3242 | D:3      | Reached skill level 6 in Armour
  3625 | D:5      | Entered Level 5 of the Dungeon
  3710 | D:5      | Noticed a sky beast
  3721 | D:5      | Killed a sky beast
  3722 | D:5      | Reached XP level 7. HP: 45/61 MP: 6/6
  3869 | D:5      | Reached skill level 7 in Armour
  4712 | D:5      | Reached skill level 5 in Shields
  4712 | D:5      | Reached XP level 8. HP: 69/70 MP: 7/7
  5395 | D:6      | Reached skill level 8 in Armour
  5395 | D:6      | Reached skill level 1 in Dodging
  5603 | D:6      | Found a broken altar of Ashenzari.
  5729 | D:6      | HP: 1/70 [steam dragon/ball of steam (10)]
  5734 | D:6      | Killed from afar by a steam dragon

Illustrated notes

Levels and vault maps discovered:
D:1:      saegor_arrival_simple_e, layout_loops_cross
D:2:      layout_basic, basic_altar, minmay_misc_feat_room,
          minmay_increasing_density
D:3:      layout_basic, minmay_misc_feat_square, uniq_sigmund, uniq_jessica
D:4:      layout_loops_ring
D:5:      minmay_spotlight, layout_gridville, hangedman_decor_clover_reticule,
          minmay_misc_feat_rows, minivault_27
D:6:      layout_loops_corners, lemuel_coloured_pillars_altar,
          portal_sewer_entry_e, bh_walls_and_bars

Skill      XL: |  1  2  3  4  5  6  7  8 |
---------------+-------------------------+-----
Armour         | 4 5 6 7 8 |  8.3
Fighting       | 4 5 6 |  6.2
Long Blades    | 3 4 5 6 7 |  7.9
Shields        | 4 5 |  5.4
Dodging        | 1 |  1.1
Stealth        | |  0.1

Action                   |  1- 3 |  4- 6 |  7- 9 || total
-------------------------+-------+-------+-------++-------
Melee: Long sword        |    68 |   164 |   117 ||   349
       Headbutt          |    13 |    26 |    25 ||    64
  Use: Potion            |       |       |     1 ||     1
Armor: Scale mail        |    24 |       |       ||    24
       Plate armour      |    27 |   145 |   127 ||   299
Dodge: Dodged            |    31 |    68 |    59 ||   158
Block: Buckler           |    15 |    44 |    51 ||   110
